 Dungeon Sprint DCSS version bcrawl-1.31 (webtiles) character file.

Game seed: 17485666929564274082

200515 Groucho the Covered (level 3, 0/36 HPs)
             Began as a Sand Dwarf Fighter on Apr 9, 2021.
             Was an Initiate of Cheibriados.
             Slain by an eight-headed hydra (4 damage)
             ... in the Dungeon (Sprint IX: "|||||||||||||||||||||||||||||").
             The game lasted 00:01:41 (241 turns).

Groucho the Covered (Sand Dwarf Fighter)             Turns: 241, Time: 00:01:41

Health: 0/36       AC:  9    Str: 24    XL:     3   Next: 43%
Magic:  3/3        EV:  7    Int: 13    God:    Cheibriados [......]
Gold:   0          SH: 10    Dex: 11    Spells: 2/2 levels left

rFire    . . .     SeeInvis .   b - +3 war axe (pain)
rCold    . . .     Gourm    .   c - +0 medium shield
rNeg     . . .     Faith    .   u - +2 ring mail
rPois    .         Spirit   .   (no helmet)
rElec    .         Reflect  .   q - +0 cloak
rCorr    .         Harm     .   (no gloves)
MR       .....     NoTele   +   (no boots)
Stlth    +.........             (no amulet)
HPRegen  0.12/turn              s - +3 ring of strength
MPRegen  0.08/turn              t - +3 ring of intelligence

@: very slightly contaminated, invisible, very slow
A: small, slowness 1, armour attunement
a: Bend Time, Renounce Religion


You were in the Dungeon.
You worshipped Cheibriados.
Cheibriados was noncommittal.
You were not hungry.

You visited 1 branch

Inventory:

Hand Weapons
 b - a +3 war axe of pain (weapon)
Armour
 c - a +0 medium shield (worn)
 q - a +0 cloak (worn)
 u - a +2 ring mail (worn)
Jewellery
 s - a +3 ring of strength (left hand)
 t - a +3 ring of intelligence (right hand)
Wands
 p - a wand of iceblast (10)
Scrolls
 k - 2 scrolls of blinking
 n - 3 scrolls of remove curse
 o - 2 scrolls of amnesia
Potions
 d - a potion of might
 g - 3 potions of heal wounds
 h - a potion of haste
 i - 4 potions of magic
 j - a potion of berserk rage
 m - 4 potions of curing
Comestibles
 e - a ration {!d}


   Skills:
 + Level 5.3 Fighting
 + Level 4.5 Axes
 + Level 5.3 Armour
 + Level 4.4 Shields
 + Level 0.0 Invocations


You had 2 spell levels left.
You didn't know any spells.
Your spell library was empty.

Dungeon Overview and Level Annotations

Branches:
Dungeon (1/1)

Altars:
Cheibriados
Dithmenos
Elyvilon
Fedhas
Gozag
Hepliaklqana
Kikubaaqudgha
Lugonu
Makhleb
Nemelex Xobeh
Okawaru
Qazlal
Ru
Sif Muna
Trog
Uskayaw
Vehumet
Wu Jian
Xom
Yredelemnul
Zin
The Shining One
Beogh
Jiyva


Innate Abilities, Weirdness & Mutations

You are small and have problems with some larger weapons.
You cover ground slowly.
Armour does not affect your spellcasting.


Message History

Okay, then.
The eight-headed hydra roars!
The six-headed hydra roars!
Things that are here:
a +0 scale mail; a +0 cloak No path to travel!
The eight-headed hydra roars!
The six-headed hydra roars!
Evoke which item? (* to show all) (? for menu, Esc to quit)
Aiming: Iceblast
Press: ? - help, Shift-Dir - straight line
Okay, then.
The eight-headed hydra roars!
The eight-headed hydra roars!
The six-headed hydra roars!
The eight-headed hydra bites you!
* * * LOW HITPOINT WARNING * * *
The eight-headed hydra closely misses you. x2
The eight-headed hydra bites you but does no damage.
The eight-headed hydra bites you.
* * * LOW HITPOINT WARNING * * *
The eight-headed hydra bites you.
You die... ▓▓▓▓▓▓▓▓▓▓▓▓▓▓▓▓▓▓▓▓▓▓▓▓▓▓▓ __________'..|).@D..'hDYVZ. ▓▓▓▓▓▓▓▓▓▓▓▓▓▓▓▓▓▓▓▓▓▓▓▓▓▓▓

You could see an eight-headed hydra (wandering), a six-headed hydra (wandering), a yak and a jackal.

Vanquished Creatures
  A jelly (D)
  An orc (D)
  A bat skeleton (D)
  A bat zombie (D)
  A goblin (D)
  A kobold (D)
  A quokka skeleton (D)
  3 rats (D)
10 creatures vanquished.

Notes
Turn   | Place    | Note
-------+----------+-------------------------------------------
     0 | D        | Groucho the Sand Dwarf Fighter began the quest for the Orb.
     0 | D        | Reached XP level 1. HP: 19/19 MP: 1/1
    37 | D        | Noticed a jelly
    44 | D        | Killed a jelly
    45 | D        | Reached skill level 5 in Fighting
    45 | D        | Reached skill level 5 in Armour
    45 | D        | Reached XP level 2. HP: 21/29 MP: 2/2
    45 | D        | Reached XP level 3. HP: 26/36 MP: 3/3
    54 | D        | Found a roughly hewn altar of Beogh.
    54 | D        | Found a snail-covered altar of Cheibriados.
    54 | D        | Found a shadowy altar of Dithmenos.
    54 | D        | Found a white marble altar of Elyvilon.
    54 | D        | Found a blossoming altar of Fedhas.
    54 | D        | Found an opulent altar of Gozag.
    55 | D        | Found a hazy altar of Hepliaklqana.
    56 | D        | Found a viscous altar of Jiyva.
    57 | D        | Found an ancient bone altar of Kikubaaqudgha.
    58 | D        | Became a worshipper of Cheibriados the Contemplative
    59 | D        | Found a corrupted altar of Lugonu.
    60 | D        | Found a burning altar of Makhleb.
    61 | D        | Found a sparkling altar of Nemelex Xobeh.
    62 | D        | Found an iron altar of Okawaru.
    63 | D        | Found a stormy altar of Qazlal.
    64 | D        | Found a sacrificial altar of Ru.
    65 | D        | Found a shimmering blue altar of Sif Muna.
    66 | D        | Found a bloodstained altar of Trog.
    67 | D        | Found a hide-covered altar of Uskayaw.
    68 | D        | Found a radiant altar of Vehumet.
    69 | D        | Found an ornate altar of the Wu Jian Council.
    70 | D        | Found a shimmering altar of Xom.
    71 | D        | Found a basalt altar of Yredelemnul.
    72 | D        | Found a glowing silver altar of Zin.
    73 | D        | Found a glowing golden altar of the Shining One.
   233 | D        | Noticed a yak
   233 | D        | Noticed an eight-headed hydra
   233 | D        | Noticed a vampire
   233 | D        | Noticed a six-headed hydra
   241 | D        | Slain by an eight-headed hydra

Skill      XL: |  1 |
---------------+----+-----
Fighting       | 5 |  5.3
Armour         | 5 |  5.3
Axes           | 4 |  4.5
Shields        | 4 |  4.4

Action                   || total
-------------------------++-------
Melee: War axe           ||    32
  Use: Potion            ||     2
Armor: Scale mail        ||    20
       Ring mail         ||     2
Dodge: Dodged            ||     6
Block: Medium shield     ||    12
